 Dungeon Crawl Stone Soup version 0.26.1-11-gd32895ea62 (webtiles) character file.

Game seed: 417729444775595432

42 Doot the Firebug (level 3, 0/32 HPs)
             Began as an Ogre Fire Elementalist on July 21, 2021.
             Succumbed to an adder's poison
             ... on level 2 of the Dungeon.
             The game lasted 00:04:43 (1689 turns).

Doot the Firebug (Ogre Fire Elementalist)           Turns: 1689, Time: 00:04:44

Health: 0/32       AC:  4    Str: 12    XL:     3   Next: 54%
Magic:  1/7        EV: 10    Int: 17    God:
Gold:   69         SH:  0    Dex:  9    Spells: 3/7 levels left

rFire    . . .     SeeInvis .   h - +1 rapier
rCold    . . .     Faith    .   (no shield)
rNeg     . . .     Spirit   .   a - +1 robe
rPois    .         Reflect  .   (helmet restricted)
rElec    .         Harm     .   (no cloak)
rCorr    .         Rampage  .   (gloves unavailable)
Will     .....                  (boots unavailable)
Stlth    +.........             (no amulet)
HPRegen  0.10/turn              (no ring)
MPRegen  0.10/turn              (no ring)

@: lethally poisoned (0 -> -4), hasted (expiring), very quick
A: large, unfitting armour, tough skin 1
a: no special abilities


You were on level 2 of the Dungeon.
You visited 1 branch of the dungeon, and saw 3 of its levels.

You collected 69 gold pieces.

Inventory:

Hand Weapons
 f - a +0 dagger
 h - a +1 rapier (weapon)
Armour
 a - a +1 robe (worn)
Scrolls
 c - 2 scrolls of identify
 i - a scroll of fear {unknown}
 j - 3 scrolls of immolation
Potions
 k - a potion of haste


   Skills:
 + Level 0.5 Fighting
 + Level 2.0 Dodging
 + Level 1.4 Stealth
 + Level 2.7 Spellcasting
 + Level 1.1 Conjurations
 + Level 3.5 Fire Magic


You had 3 spell levels left.
You knew the following spells:

 Your Spells              Type           Power        Failure   Level
a - Foxfire               Conj/Fire      40%          7%          1
b - Conjure Flame         Conj/Fire      10%          21%         3

Your spell library contained the following spells:

 Spells                   Type           Power        Failure   Level
 Inner Flame              Hex/Fire       8%           26%         3
 Sticky Flame             Conj/Fire      10%          56%         4
 Fireball                 Conj/Fire      5%           88%         5


Dungeon Overview and Level Annotations

Branches:
Dungeon (3/15)

Altars:
Kikubaaqudgha

Annotations:
D:2 Robin, Sigmund


Innate Abilities, Weirdness & Mutations

You are too large for most types of armour.
You have tough skin. (AC +1)


Message History

* * * LOW HITPOINT WARNING * * *
The adder bites you.
* * * LOW HITPOINT WARNING * * *
Okay, then.
Unknown command.
Okay, then.
Unknown command.
Okay, then.
As you read the scroll labelled USCHECZ ZIMO, it crumbles to dust.
It is a scroll of enchant armour.
Your +0 robe glows green for a moment.
The orc barely misses you. The adder bites you.
* * * LOW HITPOINT WARNING * * *
You are lethally poisoned!
The adder poisons you!
Unknown command.
Unknown command.
As you read the scroll labelled QEIRPH TYUFOCO, it crumbles to dust.
You feel blessed for a moment.
It was a scroll of remove curse.
You die...

##.## #.## ##.....## #.
#.#.## #.# ##...## #.
.###.# #.# ##+## ##.
#.#.## #.# #.# #.#
##.## #.# #.# ##. ####
#.# ##.## #. # #.#
##...## #. #
#.########.....# ## #
#...So@So##...## #####
#
########.###.######....
#............###
##############


You could see 2 adders and 2 orcs.

Vanquished Creatures
  2 adders
  2 leopard geckos
  2 giant cockroaches (D:2)
  2 goblins
  2 hobgoblins (D:2)
  3 jackals
  A quokka (D:2)
  2 bats (D:1)
  3 frilled lizards
  A kobold (D:2)
  2 rats (D:2)
22 creatures vanquished.

Vanquished Creatures (others)
  74 foxfires
74 creatures vanquished.

Grand Total: 96 creatures vanquished

Notes
Turn   | Place    | Note
-------+----------+-------------------------------------------
     0 | D:1      | Doot the Ogre Fire Elementalist began the quest for the
                  | Orb.
     0 | D:1      | Reached XP level 1. HP: 16/16 MP: 3/3
   105 | D:1      | Reached skill level 3 in Fire Magic
   264 | D:1      | You fall into a shaft and drop 1 floor!
   369 | D:2      | Reached XP level 2. HP: 24/24 MP: 1/5
   440 | D:2      | Noticed Robin
   776 | D:2      | Reached skill level 1 in Conjurations
  1123 | D:2      | Reached XP level 3. HP: 32/32 MP: 0/6
  1127 | D:2      | Learned a level 3 spell: Conjure Flame
  1321 | D:2      | Found an ancient bone altar of Kikubaaqudgha.
  1472 | D:2      | Noticed Sigmund
  1688 | D:2      | HP: 1/32 [adder (1)]
  1689 | D:2      | Succumbed to an adder's poison

Illustrated notes

Levels and vault maps discovered:
D:1:      eino_arrival_cavern_a, layout_basic, minmay_quantized
D:2:      layout_loops_corners, marbit_many_paths, uniq_robin, uniq_sigmund
D:3:      cheibrodos_helix_gallery, layout_rooms, grunt_dithmenos_smoke

Skill      XL: |  1  2  3 |
---------------+----------+-----
Fire Magic     | 3 |  3.5
Conjurations   | 1 |  1.1
Dodging        | 2 |  2.0
Fighting       | |  0.5
Stealth        | |  1.4
Spellcasting   | |  2.7

Action                   || total
-------------------------++-------
Melee: Dagger            ||     3
       Rapier            ||    12
 Cast: Foxfire           ||    55
       Conjure Flame     ||     1
  Use: Scroll            ||     4
       Potion            ||     3
Armor: Robe              ||    25
Dodge: Dodged            ||    73
